 Dungeon Crawl Stone Soup version 0.17-a0-1637-g5d65775 (webtiles) character file.

284 JEM123 the Stinger (level 6, -2/28 HPs)
             Began as a Spriggan Venom Mage on Aug 8, 2015.
             Was a Believer of Kikubaaqudgha.
             Slain by a wight
             ... wielding a +2 hand axe
              (5 damage)
             ... on level 7 of the Dungeon.
             The game lasted 01:14:13 (5177 turns).

JEM123 the Stinger (Spriggan Venom Mage)            Turns: 5177, Time: 01:14:13

Health: -2/28      AC:  2    Str:  6    XL:     6   Next: 7%
Magic:  7/11       EV: 18    Int: 17    God:    Kikubaaqudgha [**....]
Gold:   123        SH:  0    Dex: 16    Spells: 2 memorised, 7 levels left

rFire  . . .     SeeInvis +     l - +2 short sword (holy)
rCold  . . .     Clarity  .     a - +0 robe
rNeg   . . .     SustAt   .     (shield restricted)
rPois  .         Gourm    .     (helmet restricted)
rElec  .         Spirit   .     (no cloak)
rCorr  .         Warding  .     (gloves unavailable)
rMut   .         Rnd*Tele +     (boots unavailable)
MR     +....                    g - amulet of faith
Stlth  ++........               (no ring)
                                i - ring of teleportation

@: drained, very quick, somewhat resistant to hostile enchantments, unstealthy
A: unfitting armour, see invisible, herbivore 3, speed 3, slow metabolism 2
a: Receive Corpses, Renounce Religion, Evoke Teleportation


You were on level 7 of the Dungeon.
You worshipped Kikubaaqudgha.
Kikubaaqudgha was pleased with you.
You were hungry.

You visited 1 branch of the dungeon, and saw 7 of its levels.

You collected 123 gold pieces.

Inventory:

Hand weapons
 l - a +2 short sword of holy wrath (weapon)
Missiles
 j - a throwing net (quivered)
 k - 13 poisoned needles
 r - 3 tomahawks
Armour
 a - a +0 robe (worn)
Jewellery
 g - an amulet of faith (around neck)
 i - a ring of teleportation (left hand)
Scrolls
 h - 3 scrolls of identify
 o - 2 scrolls of teleportation
 t - a scroll of fog
Potions
 d - a potion of curing
 e - a potion of might {unknown}
 n - a potion of ambrosia {unknown}
 p - a potion of heal wounds {unknown}
 s - 3 potions of lignification {unknown}
 u - a potion of haste {unknown}
Books
 b - a Young Poisoner's Handbook

   Spells                             Type                      Level
   a - Sting                          Conjuration/Poison           1
   b - Cure Poison                    Poison                       2
   c - Mephitic Cloud                 Conjuration/Poison/Air       3
   d - Olgreb's Toxic Radiance        Poison                       4
   e - Venom Bolt                     Conjuration/Poison           5
 m - Kikubaaqudgha's Collected Works on Evil
   (Kikubaaqudgha gifted it to you on level 3 of the Dungeon)

   Spells                             Type                      Level
   a - Pain                           Necromancy                   1
   b - Corpse Rot                     Necromancy                   2
   c - Sublimation of Blood           Necromancy                   2
   d - Regeneration                   Charms/Necromancy            3
   e - Control Undead                 Necromancy                   4
Comestibles
 c - 5 bread rations
 f - a slice of pizza


   Skills:
 - Level 3.0(2.6) Dodging
 - Level 3.0(2.6) Stealth
 - Level 3.0(2.6) Spellcasting
 * Level 0.8(0.5) Necromancy
 * Level 7.1(6.7) Poison Magic


You had 7 spell levels left.
You knew the following spells:

 Your Spells              Type           Power        Failure   Level  Hunger
a - Sting                 Conj/Pois      ##..         4%          1    #......
b - Mephitic Cloud        Conj/Pois/Air  #.......     24%         3    ###....


Dungeon Overview and Level Annotations

Branches:
Dungeon (7/15)
 Temple: D:4-7

Altars:
Kikubaaqudgha
Trog

Annotations:
D:3 exclusion: player ghost, JEM123's ghost, average HEAE
D:4 Edmund; Eustachio; Natasha
D:5 Grinder


Innate Abilities, Weirdness & Mutations

You are tiny and cannot use many weapons and most armour.
You have supernaturally acute eyesight.
You are a herbivore.
You cover ground extremely quickly.
You need consume almost no food.


Message History

The wight hits you with an enchanted hand axe!
* * * LOW HITPOINT WARNING * * *
You feel drained.
* * * LOW HITPOINT WARNING * * *
You barely miss the wight. The wight closely misses you.
You barely miss the wight. The wight barely misses you.
You hit the wight but do no damage. The wight completely misses you.
You hit the wight but do no damage. The wight closely misses you.
You barely miss the wight. The wight barely misses you.
You barely miss the wight. The wight completely misses you.
You hit the wight but do no damage. The wight misses you.
You barely miss the wight. The wight closely misses you.
You hit the wight.
The wight convulses.
The wight is lightly damaged.
The wight misses you.
You hit the wight.
The wight convulses.
The wight is moderately damaged.
The wight hits you with an enchanted hand axe.
You die...
Kikubaaqudgha rasps: "You have failed me!
Welcome... death!"

...# ... #.. #.###
#...# #######...#
#..W..'...#
##########.#####...#
#......@zWz.# #...#
#.########..# #...#
...# #...# ...#
#.... z.z.# #.....
##..# #...... #...
+....... #.#
#........ #........


You could see a hungry ghost and 2 wights.

Vanquished Creatures
  2 iguanas
  A worker ant (D:6)
  5 gnolls
  6 adders
  2 oozes
  2 worms (D:2)
  2 giant geckos (D:1)
  12 orcs (D:3)
  A ball python (D:3)
  5 giant cockroaches
  8 hobgoblins
  6 jackals
  7 kobolds
  2 quokkas
  7 bats
  8 giant newts
  5 goblins
  10 rats
91 creatures vanquished.

Notes
Turn   | Place    | Note
--------------------------------------------------------------
     0 | D:1      | JEM123 the Spriggan Venom Mage began the quest for the Orb.
     0 | D:1      | Reached XP level 1. HP: 9/9 MP: 5/5
   353 | D:1      | Reached XP level 2. HP: 13/13 MP: 4/6
   729 | D:2      | Found a faded altar to an unknown god.
  1117 | D:2      | Reached XP level 3. HP: 16/16 MP: 6/8
  1205 | D:2      | Reached skill level 5 in Poison Magic
  1221 | D:2      | Learned a level 3 spell: Mephitic Cloud
  1232 | D:3      | Noticed JEM123's ghost (average HEAE)
  1293 | D:2      | Found a bloodstained altar of Trog.
  1411 | D:2      | Found an ancient bone altar of Kikubaaqudgha.
  1420 | D:2      | Became a worshipper of Kikubaaqudgha
  2311 | D:2      | Reached XP level 4. HP: 21/21 MP: 6/9
  2771 | D:3      | Acquired Kikubaaqudgha's first power
  2771 | D:3      | Received a gift from Kikubaaqudgha
  2773 | D:3      | Identified Kikubaaqudgha's Collected Works on Evil (Kikubaaqudgha gifted it to you on level 3 of the Dungeon)
  3027 | D:3      | Reached skill level 6 in Poison Magic
  3259 | D:3      | Reached XP level 5. HP: 24/24 MP: 2/10
  3913 | D:3      | Acquired Kikubaaqudgha's second power
  4015 | D:4      | Noticed Eustachio
  4025 | D:4      | Noticed Edmund
  4303 | D:3      | Reached skill level 7 in Poison Magic
  4381 | D:4      | Noticed Natasha
  4516 | D:5      | Entered Level 5 of the Dungeon
  4654 | D:5      | Noticed Grinder
  4659 | D:5      | Paralysed by Grinder for 3 turns
  4991 | D:6      | Noticed an ice beast
  5079 | D:6      | Reached XP level 6. HP: 16/28 MP: 0/11
  5143 | D:7      | Noticed a hungry ghost
  5177 | D:7      | Slain by a wight

Vault maps used:
D:1:      dpeg_arrival_tiny_j, patterned_corridor
D:2:      kiku_gazebo_garden_becter, lemuel_round_altar, ecumenical_altar_1
D:3:      st_stairs_14
D:4:      first_bread, uniq_menkaure, uniq_natasha, uniq_eustachio, uniq_edmund
D:5:      grunt_temple_overflow_open, minmay_temple_entry_butterflies,
          kennysheep_generic_room_3, uniq_grinder
D:6:      kennysheep_mini
D:7:      uniq_pikel

Action                   |  1- 3 |  4- 6 || total
-------------------------+-------+-------++-------
Melee: Unarmed           |    16 |       ||    16
       Short sword       |    12 |    34 ||    46
       Dagger            |     1 |     5 ||     6
 Cast: Sting             |    70 |   158 ||   228
       Mephitic Cloud    |       |     5 ||     5
Invok: Receive Corpses   |       |     1 ||     1
  Use: Scroll            |       |     6 ||     6
       Potion            |       |     1 ||     1
 Stab: Sleeping          |     7 |     4 ||    11
       Confused          |       |     2 ||     2
  Eat: Pizza             |       |     1 ||     1
